 Dungeon Crawl Stone Soup version 0.23-a0-183-gf37f6fb (webtiles) character file.

32 Felrender the Covered (level 3, -4/33 HPs)
             Began as a Minotaur Fighter on Sept 22, 2018.
             Slain by Sigmund
             ... wielding a +0 scythe
              (9 damage)
             ... on level 2 of the Dungeon.
             The game lasted 00:01:48 (571 turns).

Felrender the Covered (Minotaur Fighter)             Turns: 571, Time: 00:01:48

Health: -4/33      AC:  7    Str: 25    XL:     3   Next: 8%
Magic:  2/2        EV:  7    Int:  5    God:
Gold:   25         SH: 10    Dex: 10    Spells: 2/2 levels left

rFire    . . .     SeeInvis .   a - +1 long sword
rCold    . . .     Gourm    .   c - +0 shield
rNeg     . . .     Faith    .   b - +0 scale mail
rPois    .         Spirit   .   (helmet restricted)
rElec    .         Reflect  .   (no cloak)
rCorr    .         Harm     .   (no gloves)
MR       .....                  (no boots)
Stlth    ..........             (no amulet)
HPRegen  0.11/turn              (no ring)
MPRegen  0.08/turn              (no ring)

@: mighty
A: retaliatory headbutt, horns 2
a: no special abilities


You were on level 2 of the Dungeon.
You were not hungry.

You visited 1 branch of the dungeon, and saw 2 of its levels.

You collected 25 gold pieces.

Inventory:

Hand Weapons
 a - a +1 long sword (weapon)
Armour
 b - a +0 scale mail (worn)
 c - a +0 shield (worn)
Scrolls
 j - 2 scrolls of identify {unknown}
Potions
 e - a potion of lignification {unknown}
 h - a potion of mutation {unknown}
 i - a potion of haste {unknown}
 k - a potion of curing {unknown}
Comestibles
 f - 5 rations
 g - 7 chunks of flesh


   Skills:
 + Level 3.9 Fighting
 + Level 3.0 Long Blades
 + Level 4.1 Armour
 + Level 4.0 Shields


You had 2 spell levels left.
You didn't know any spells.
Your spell library was empty.

Dungeon Overview and Level Annotations

Branches:
Dungeon (2/15)

Altars:

Annotations:
D:2 Sigmund


Innate Abilities, Weirdness & Mutations

You reflexively headbutt those who attack you in melee.
You have a pair of horns on your head.


Message History

Deactivating autopickup; reactivate with Ctrl-A.
There is a stone staircase leading up here.
You hear some strange, mumbled words.
You are confused.
There is a stone staircase leading up here.
Something hits you.
You bump into the rock wall.
Something hits you!
You bump into the rock wall.
Something hits you but does no damage. Something hits you.
You feel less confused.
You closely miss something. You headbutt something.
Something hits you but does no damage.
You slash something! You headbutt something!
You feel very mighty all of a sudden. You block something's attack.
You barely miss something. Your headbutt misses something. Something hits you!
* * * LOW HITPOINT WARNING * * *
You miss something. You headbutt something! Something hits you!
You die...

##.........>#
##.......?....##
#...>.......$..#
#..............#
#..............#
#......))$.....#
#..............#
##...(..?.....#
##..<{@.....#
####..######
#...## #..###
....# ##.# #..
... .#


There were no monsters in sight!

Vanquished Creatures
  An ooze (D:1)
  An adder skeleton (D:2)
  3 dart slugs (D:1)
  A leopard gecko (D:1)
  3 bats (D:1)
  5 hobgoblins
  2 kobolds (D:1)
  A frilled lizard (D:1)
17 creatures vanquished.

Notes
Turn   | Place    | Note
-------+----------+-------------------------------------------
     0 | D:1      | Felrender the Minotaur Fighter began the quest for the Orb.
     0 | D:1      | Reached XP level 1. HP: 19/19 MP: 0/0
   145 | D:1      | Reached XP level 2. HP: 25/27 MP: 1/1
   551 | D:2      | Noticed Sigmund
   552 | D:2      | Reached XP level 3. HP: 32/33 MP: 2/2
   571 | D:2      | Slain by Sigmund

Vault maps used:
D:1:      dpeg_arrival_three_same_balls
D:2:      uniq_sigmund

Skill      XL: |  1  2  3 |
---------------+----------+-----
Armour         | 4 |  4.1
Shields        | 4 |  4.0
Long Blades    | 3 |  3.0
Fighting       | |  3.9

Action                   || total
-------------------------++-------
Melee: Long sword        ||    40
       Headbutt          ||     7
  Use: Scroll            ||     1
       Potion            ||     1
Armor: Scale mail        ||    21
Dodge: Dodged            ||    14
Block: Shield            ||    17
       Rpst.: Long sword ||     5

Table legend:
 A = Non-vault XP
 B = Vault XP
 C = Vault XP percentage of total XP
 D = Non-vault monster count
 E = Vault monster count
 F = Vault count percentage of total count
                 A         B        C        D         E       F
            +---------+---------+-------+---------+---------+-------
      Total |      46 |       0 |   0.0 |      17 |       0 |   0.0
            +---------+---------+-------+---------+---------+-------
        D:1 |      39 |       0 |   0.0 |      15 |       0 |   0.0
        D:2 |       7 |       0 |   0.0 |       2 |       0 |   0.0
            +---------+---------+-------+---------+---------+-------
